 Dungeon Crawl Stone Soup version 0.28.0-62-gf88900778d (webtiles) character file.

Game seed: 8385604247716082727

34955 cbfl8 the Bludgeoner (level 13, -3/80 HPs)
             Began as a Gargoyle Berserker on Aug 4, 2023.
             Was a Priest of Trog.
             Slain by Azrael
             ... wielding a +0 scimitar of flaming
              (6 damage)
             ... on level 13 of the Dungeon.
             The game lasted 00:27:08 (25406 turns).

cbfl8 the Bludgeoner (Gargoyle Berserker)          Turns: 25406, Time: 00:27:09

Health: -3/80      AC: 29    Str: 22    XL:     13   Next: 80%
Magic:  13/13      EV:  7    Int:  8    God:    Trog [***...]
Gold:   829        SH: 10    Dex: 13    Spells: 12/12 levels left

rFire   . . .      SeeInvis .   y - +0 morningstar (elec)
rCold   + . .      Faith    +   b - +0 kite shield
rNeg    + . .      Spirit   .   j - +0 plate armour
rPois   ∞          Reflect  .   x - +0 helmet
rElec   +          Harm     .   P - scarf {shadows}
rCorr   .          Rampage  .   Q - +0 pair of gloves
Will    +....                   u - +1 pair of boots
Stlth   ..........              e - amulet of faith
HPRegen 0.23/turn               f - ring of willpower
MPRegen 0.13/turn               k - ring of protection from cold

@: no status effects
A: sickness immunity, AC +9, negative energy resistance 1, electricity
resistance, torment resistance 1, petrification resistance
a: Renounce Religion, Berserk, Trog's Hand


You were on level 13 of the Dungeon.
You worshipped Trog.
Trog was most pleased with you.
You visited 1 branch of the dungeon, and saw 14 of its levels.

You collected 829 gold pieces.

Inventory:

Hand Weapons
 y - a +0 morningstar of electrocution (weapon)
Missiles
 t - 2 throwing nets
Armour
 b - a +0 kite shield (worn)
 j - a +0 plate armour (worn)
 u - a +1 pair of boots (worn)
 x - a +0 helmet (worn)
 P - a scarf of shadows (worn)
 Q - a +0 pair of gloves (worn)
Jewellery
 e - an amulet of faith (around neck)
 f - a ring of willpower (left hand)
 k - a ring of protection from cold (right hand)
Wands
 h - a wand of digging (10)
 l - a wand of flame (7)
 q - a wand of acid (2)
 D - a wand of charming (4)
 M - a wand of paralysis (1) (quivered)
Scrolls
 m - 3 scrolls of magic mapping
 n - 2 scrolls of immolation
 p - 2 scrolls of noise
 r - 4 scrolls of enchant weapon
 w - 3 scrolls of enchant armour
 z - 2 scrolls of silence
 I - 4 scrolls of fog
 J - a scroll of holy word {unknown}
 N - a scroll of brand weapon
 O - a scroll of fear {unknown}
Potions
 a - 3 potions of mutation
 c - 2 potions of haste
 d - 2 potions of flight {unknown}
 i - 2 potions of invisibility
 o - 3 potions of attraction {unknown}
 s - 3 potions of berserk rage {unknown}
 v - 2 potions of brilliance {unknown}
 A - 2 potions of curing {unknown}
 E - 4 potions of might
 G - 9 potions of ambrosia
 K - 2 potions of lignification {unknown}
 L - a potion of magic {unknown}
Miscellaneous
 F - a phial of floods


   Skills:
 + Level 8.9 Fighting
 * Level 16.0 Maces & Flails
 + Level 10.2 Armour
 + Level 3.4 Dodging
 + Level 2.3 Stealth
 + Level 8.3 Shields
 * Level 8.4 Evocations


You had 12 spell levels left.
You didn't know any spells.
Your spell library was empty.

Dungeon Overview and Level Annotations

Branches:
Dungeon (14/15)            Temple (0/1) D:5            Lair (0/6) D:11
    Orc (0/2) D:12         Vaults (0/5) D:13

Altars:
Gozag
Kikubaaqudgha
Okawaru

Shops:
D:6 [   D:11 (   D:12 (

Annotations:
D:13 Azrael


Innate Abilities, Weirdness & Mutations

You are immune to sickness and miasma.
Your stone body is resilient. (AC +9)
You are immune to poison.
You resist negative energy. (rN+)
You are resistant to electric shocks. (rElec)
You are resistant to unholy torment.
You are immune to petrification.


Message History

The slime creature is heavily wounded.
You block the slime creature's attack.
You sock the slime creature!
The slime creature is severely wounded.
You sock the slime creature!
Lightning courses through the slime creature!
You kill the slime creature!
Trog accepts your kill.
No target in view!
No target in view!
You start resting.
HP restored.
You start waiting.
Done waiting.
There is a stone staircase leading down here.
You climb downwards.
There is a stone staircase leading up here.
Azrael the Boundless Flame comes into view.
He is wielding a +0 scimitar of flaming.
Azrael is momentarily hidden by a cloud of flames.
Azrael moves out of view.
Azrael gestures at you.
The sphere of damnation explodes!
The damnation engulfs you!!!
Ouch! That really hurt!
The damnation engulfs Azrael.
Azrael completely resists.
There is a stone staircase leading up here.
Azrael gestures at you.
The sphere of damnation explodes!
The damnation engulfs you!!
* * * LOW HITPOINT WARNING * * *
The damnation engulfs Azrael.
Azrael completely resists.
You climb upwards.
There is a stone staircase leading down here.
Okay, then.
Aiming: Paralyse
Press: ? - help, Q - select action, (/) - cycle Shift-Dir - straight line, f - Azrael
Aim: Azrael, wielding a +0 scimitar of flaming (chance to affect: 50%) Azrael resists with significant effort.
Azrael hits you with a +0 scimitar of flaming!
* * * LOW HITPOINT WARNING * * *
Azrael burns you.
You die...

####..# #(.......# #..#
.<....# #........# #..#
......####........# #..#
####..............#####..#
#.....................#
#..####......<........#
#..# #........#####..#
####..# #.....R..# #..#
......# #......@.# #..#
......# #..####..# #..#
####..# #..# #..# #..# #
#..####..# #..#####..# #
#........####.........#
####([...................#
......####........#####..#
...[.># #........# #..#
####.)# #........# #..#


You could see Azrael.

Vanquished Creatures
  Rupert (D:12)
  Fannar (D:10)
  A boulder beetle (shapeshifter) (D:12)
  3 hydras
  3 vault guards
  3 boulder beetles
  A death knight (D:12)
  2 two-headed ogres
  4 centaur warriors
  2 tengu warriors (D:13)
  4 skeletal warriors
  An orc knight (D:11)
  2 deep elf pyromancers
  2 ugly things
  Maurice (D:12)
  A guardian serpent (D:11)
  3 gargoyles
  Joseph (D:9)
  Maggie (D:9)
  A yaktaur (D:11)
  2 kobold demonologists (D:13)
  2 komodo dragons
  2 efreet
  A tengu conjurer (D:12)
  Psyche (D:9)
  A queen bee (D:9)
  Grinder (D:5)
  2 trolls
  9 slime creatures
  A culicivora (shapeshifter) (D:13)
  A shadow (D:12)
  4 wyverns
  A hog (shapeshifter) (D:12)
  3 wraiths
  A vampire (D:13)
  12 yaks
  5 fire elementals
  2 basilisks
  2 steam dragons
  A redback (D:12)
  Menkaure (D:5)
  2 water moccasins (D:7)
  An acid dragon (D:11)
  A hell hound (D:14)
  A swamp drake (D:12)
  A sky beast (D:6)
  4 orc warriors
  A black bear (D:5)
  An ice beast (D:7)
  A necrophage (D:5)
  11 centaurs
  5 kobold brigands
  A gnoll sergeant (D:10)
  A wyvern skeleton (D:7)
  38 killer bees
  3 wights (D:8)
  A howler monkey (D:5)
  3 vampire bats (D:13)
  2 centaur zombies
  A hound (D:7)
  7 orc priests
  A centaur skeleton (D:6)
  Crazy Yiuf (D:5)
  A gnoll shaman (D:9)
  A jelly (D:6)
  3 iguanas
  7 orc wizards
  A scorpion zombie (D:5)
  A hound zombie (D:5)
  2 hound skeletons (D:4)
  7 gnolls
  A howler monkey zombie (D:9)
  7 adders
  2 white imps (D:7)
  An ufetubus (D:4)
  2 worms
  2 dart slugs (D:3)
  39 orcs
  6 ball pythons
  5 bats
  2 bat skeletons (D:13)
  4 bat zombies (D:13)
  5 endoplasms
  2 giant cockroaches
  8 goblins
  10 hobgoblins
  9 jackals
  20 kobolds
  12 quokkas
  4 frilled lizards
  6 rats
351 creatures vanquished.

Vanquished Creatures (others)
  An acid dragon (D:13)
  4 plants (D:5)
5 creatures vanquished.

Grand Total: 356 creatures vanquished

Notes
Turn   | Place    | Note
-------+----------+-------------------------------------------
     0 | D:1      | cbfl8 the Gargoyle Berserker began the quest for the Orb.
     0 | D:1      | Reached XP level 1. HP: 14/14 MP: 1/1
   171 | D:1      | Found a faded altar of an unknown god.
   177 | D:1      | Reached XP level 2. HP: 19/19 MP: 2/2
   632 | D:1      | Reached XP level 3. HP: 18/23 MP: 3/3
  1163 | D:2      | Found an iron altar of Okawaru.
  1269 | D:2      | Reached ** piety under Trog
  1355 | D:2      | Reached skill level 4 in Maces & Flails
  1440 | D:2      | Reached XP level 4. HP: 29/29 MP: 4/4
  1441 | D:2      | Reached skill level 1 in Evocations
  1477 | D:2      | Found an opulent altar of Gozag.
  2300 | D:3      | Reached XP level 5. HP: 29/33 MP: 5/5
  2898 | D:4      | You fall into a shaft and drop 1 floor!
  2898 | D:5      | Entered Level 5 of the Dungeon
  2898 | D:5      | Noticed a black bear
  2913 | D:5      | Killed a black bear
  2914 | D:5      | Reached skill level 5 in Maces & Flails
  2914 | D:5      | Reached XP level 6. HP: 38/38 MP: 6/6
  3039 | D:5      | Noticed Grinder
  3043 | D:5      | Paralysed by Grinder for 4 turns
  3053 | D:5      | Killed Grinder
  3054 | D:5      | Reached skill level 6 in Maces & Flails
  3054 | D:5      | Reached XP level 7. HP: 43/43 MP: 7/7
  3200 | D:5      | Found an iron altar of Okawaru.
  3252 | D:5      | Noticed Menkaure
  3264 | D:5      | Killed Menkaure
  3529 | D:5      | Identified the +6 short sword of Twilight {protect, Str+2
                  | Int+2 Dex-5}
  4132 | D:5      | Noticed a yak
  4132 | D:5      | Found a staircase to the Ecumenical Temple.
  4132 | D:5      | Noticed a yak
  4133 | D:5      | Noticed a yak
  4294 | D:5      | Noticed a yak
  4297 | D:5      | Noticed a yak
  4314 | D:6      | Reached skill level 7 in Maces & Flails
  4770 | D:6      | Reached *** piety under Trog
  4824 | D:6      | Reached XP level 8. HP: 43/48 MP: 8/8
  5178 | D:6      | Found Vemec's Armour Shop.
  5233 | D:7      | Reached skill level 8 in Maces & Flails
  5399 | D:7      | Noticed a gargoyle
  6127 | D:7      | Noticed a boulder beetle
  6134 | D:7      | Killed a boulder beetle
  6135 | D:7      | Reached skill level 9 in Maces & Flails
  6135 | D:7      | Reached skill level 5 in Armour
  6135 | D:7      | Reached skill level 1 in Shields
  6135 | D:7      | Reached XP level 9. HP: 50/53 MP: 9/9
  6295 | D:7      | Reached skill level 5 in Fighting
  6446 | D:7      | Noticed a two-headed ogre
  6451 | D:7      | Killed a two-headed ogre
  6452 | D:7      | Reached skill level 10 in Maces & Flails
  6791 | D:7      | Killed a gargoyle
  7218 | D:5      | Reached skill level 1 in Stealth
  7225 | D:5      | Reached skill level 11 in Maces & Flails
  7225 | D:5      | Reached XP level 10. HP: 59/59 MP: 10/10
  7617 | D:6      | Reached skill level 5 in Evocations
  7935 | D:5      | Found a runed translucent door.
  7936 | D:5      | Noticed Crazy Yiuf
  7943 | D:5      | Killed Crazy Yiuf
  9631 | D:9      | Noticed Joseph
 10289 | D:9      | Noticed Maggie
 10327 | D:9      | Reached skill level 12 in Maces & Flails
 10562 | D:9      | Reached XP level 11. HP: 42/65 MP: 11/11
 10914 | D:9      | Killed Maggie
 11236 | D:9      | Killed Joseph
 11718 | D:9      | Noticed Psyche
 11734 | D:9      | Killed Psyche
 11795 | D:9      | Reached **** piety under Trog
 12297 | D:10     | Entered Level 10 of the Dungeon
 12335 | D:10     | Reached skill level 5 in Shields
 13048 | D:10     | Noticed Fannar
 13063 | D:10     | Killed Fannar
 13133 | D:10     | Noticed a two-headed ogre
 13141 | D:10     | Killed a two-headed ogre
 13212 | D:10     | Noticed a boulder beetle
 13658 | D:10     | Killed a boulder beetle
 13659 | D:10     | Reached skill level 13 in Maces & Flails
 14552 | D:11     | Noticed a skeletal warrior
 14570 | D:11     | Killed a skeletal warrior
 14691 | D:11     | Found Ter Qyadghuud's Weapon Shoppe.
 15395 | D:11     | Found a staircase to the Lair.
 15654 | D:11     | Reached XP level 12. HP: 71/72 MP: 12/12
 16602 | D:11     | Reached skill level 14 in Maces & Flails
 18036 | D:13     | Noticed a centaur warrior
 18046 | D:13     | Killed a centaur warrior
 18453 | D:13     | Noticed a centaur warrior
 18462 | D:13     | Killed a centaur warrior
 18614 | D:13     | Found an ancient bone altar of Kikubaaqudgha.
 19037 | D:12     | Found Likyess's Weapon Shoppe.
 19063 | D:12     | Noticed a centaur warrior
 19071 | D:12     | Killed a centaur warrior
 19378 | D:12     | Noticed a death knight
 19390 | D:12     | Killed a death knight
 19489 | D:12     | Noticed Rupert
 19501 | D:12     | Killed Rupert
 19502 | D:12     | Reached XP level 13. HP: 76/78 MP: 13/13
 19647 | D:12     | Reached skill level 15 in Maces & Flails
 20312 | D:12     | Noticed Maurice
 20325 | D:12     | Killed Maurice
 20788 | D:12     | Found a staircase to the Orcish Mines.
 21507 | D:13     | Found a gate to the Vaults.
 21507 | D:13     | Noticed a vault guard
 21507 | D:13     | Noticed a vault guard
 21507 | D:13     | Noticed a vault guard
 21507 | D:13     | Noticed a vault guard
 22280 | D:13     | Killed a vault guard
 23574 | D:12     | Killed a vault guard
 23864 | D:13     | Killed a vault guard
 24113 | D:13     | Reached skill level 10 in Armour
 25072 | D:13     | Reached skill level 16 in Maces & Flails
 25398 | D:14     | Noticed Azrael
 25406 | D:13     | HP: 3/80 [Azrael/+0 scimitar of flaming (14)]
 25406 | D:13     | Slain by Azrael

Illustrated notes

Levels and vault maps discovered:
D:1:      lightli_arrival_maybe_door_vault, layout_loops_ring,
          chequers_ecumenical_altar_island
D:2:      layout_loops_corners, basic_altar, serial_glass, glass_columns_c,
          glass_columns_b, hangedman_feature_mirror, minmay_hexomino_r4
D:3:      layout_rooms
D:4:      layout_basic, minivault_4
D:5:      layout_loops_ring, mainiacjoe_overflow_chevrons,
          minmay_temple_entry_mini_moons, uniq_grinder, uniq_menkaure,
          uniq_crazy_yiuf_cottage
D:6:      layout_cave_pools, serial_shops, kennysheep_little_box
D:7:      layout_loops_ring, kb_rosetta
D:8:      layout_loops_ring, serial_glass, glass_columns_a, glass_columns_a
D:9:      layout_rooms, minivault_7, uniq_maggie, uniq_joseph, uniq_psyche
D:10:     layout_irregular_city, minmay_misc_feat_cross, uniq_fannar
D:11:     layout_irregular_city, erik_lair_dragon, serial_shops,
          nicolae_shop_bloodbath_and_beyond, nrook_guardian_serpent_ordinary
D:12:     minmay_inside_and_out, layout_stronghold, erik_orc_1,
          nicolae_stop_n_shop_1, uniq_rupert, uniq_maurice
D:13:     layout_small_grid, lightli_vaults_fourway_checkpoint,
          kennysheep_vampire_church
D:14:     layout_basic, nicolae_ashenzari_panopticon,
          bh_hangedman_babel_library, uniq_nessos, uniq_azrael, uniq_agnes

Skill      XL: |  1  2  3  4  5  6  7  8  9 10 11 12 13 |
---------------+----------------------------------------+-----
Maces & Flails | 4 5 6 7 9 11 12 13 14 16 | 16.0
Evocations     | 1 2 3 4 5 6 7 8 |  8.4
Armour         | 3 5 6 8 9 10 | 10.2
Fighting       | 4 5 6 7 8 |  8.9
Shields        | 1 2 4 6 7 8 |  8.3
Stealth        | 1 2 |  2.3
Dodging        | 2 3 |  3.4

Action                   |  1- 3 |  4- 6 |  7- 9 | 10-12 | 13-15 || total
-------------------------+-------+-------+-------+-------+-------++-------
Melee: Mace              |   104 |   157 |    87 |       |       ||   348
       Punch             |       |     4 |     2 |       |       ||     6
       Morningstar       |       |       |   139 |   793 |   310 ||  1242
Invok: Berserk           |     1 |     3 |     7 |    29 |    12 ||    52
       Trog's Hand       |       |     2 |       |     1 |     1 ||     4
Evoke: Wand              |       |       |       |    22 |     3 ||    25
  Use: Scroll            |       |     4 |     6 |    12 |     7 ||    29
       Potion            |       |       |       |     2 |     3 ||     5
 Stab: Paralysed         |       |       |       |       |     6 ||     6
       Confused          |       |       |       |       |     1 ||     1
Armor: Ring mail         |    38 |       |       |       |       ||    38
       Plate armour      |    32 |   168 |   216 |  1051 |   233 ||  1700
Dodge: Dodged            |    44 |    68 |    61 |   366 |    95 ||   634
Block: Kite shield       |       |       |    42 |   668 |   168 ||   878
